 Dungeon Crawl Stone Soup version 0.27.1-4-g1640c2035a (webtiles) character file.

Game seed: 6142673829911767612

31 Stomo444 the Grave Robber (level 3, 0/18 HPs)
             Began as a Vine Stalker Necromancer on Nov 11, 2021.
             Slain by Ijyb (2 damage)
             ... on level 3 of the Dungeon.
             The game lasted 00:02:59 (2026 turns).

Stomo444 the Grave Robber (VSNe)                    Turns: 2026, Time: 00:02:59

Health: 0/18       AC:  2    Str: 11    XL:     3   Next: 22%
Magic:  0/7        EV: 12    Int: 21    God:
Gold:   31         SH:  0    Dex: 14    Spells: 2/6 levels left

rFire    . . .     SeeInvis .   c - +0 club
rCold    . . .     Faith    .   (no shield)
rNeg     . . .     Spirit   +   a - +0 robe
rPois    .         Reflect  .   (no helmet)
rElec    .         Harm     .   (no cloak)
rCorr    .         Rampage  .   (no gloves)
Will     .....                  (no boots)
Stlth    ++........             (no amulet)
HPRegen  0.06/turn              j - +6 ring of intelligence
MPRegen  0.10/turn              (no ring)

@: hasted, very quick
A: fangs 2, magic shield, antimagic bite, no potion heal 2
a: no special abilities


You were on level 3 of the Dungeon.
You visited 1 branch of the dungeon, and saw 3 of its levels.

You collected 31 gold pieces.

Inventory:

Hand Weapons
 c - a +0 club (weapon)
 d - a +0 whip
Missiles
 e - a throwing net
Armour
 a - a +0 robe (worn)
Jewellery
 j - a +6 ring of intelligence (left hand)
Scrolls
 b - 2 scrolls of identify {unknown}
 h - a scroll of fog {unknown}
 i - a scroll of enchant weapon {unknown}
 k - 3 scrolls of blinking {unknown}
 l - 3 scrolls of fear {unknown}
 n - a scroll of acquirement {unknown}
Potions
 g - a potion of attraction {unknown}
 m - a potion of heal wounds {unknown}


   Skills:
 * Level 1.6 Fighting
 + Level 1.9 Dodging
 - Level 2.4 Stealth
 - Level 2.4 Spellcasting
 - Level 4.1 Necromancy


You had 2 spell levels left.
You knew the following spells:

 Your Spells              Type           Power      Damage    Failure   Level
a - Pain                  Necr           80%        1d8       2%          1
b - Vampiric Draining     Necr           10%        2d7       8%          3

Your spell library contained the following spells:

 Spells                   Type           Power      Damage    Failure   Level
 Animate Skeleton         Necr           40%        N/A       2%          1
 Animate Dead             Necr           10%        N/A       26%         4
 Summon Guardian Golem    Hex/Summ       2%         N/A       38%         3
 Agony                    Necr           20%        N/A       56%         5
 Orb of Destruction       Conj           1%         N/A       100%        7
 Spellforged Servitor     Conj/Summ      1%         N/A       100%        7


Dungeon Overview and Level Annotations

Branches:
Dungeon (3/15)

Altars:

Annotations:
D:3 Ijyb


Innate Abilities, Weirdness & Mutations

You have extremely sharp teeth.
When hurt, damage is shared between your health and your magic reserves.
Your bite disrupts and absorbs the magic of your enemies.
Potions cannot restore your health.


Message History

You hit Ijyb. You bite Ijyb, but do no damage.
Ijyb is heavily wounded.
Ijyb zaps a wand.
You resist with some effort.
Ijyb zaps a wand.
Your will is overpowered!
You are more confused.
The now-empty wand crumbles to dust.
You're too confused to move!
Ijyb hits you with a +0 club.
You're too confused to move!
Ijyb hits you with a +0 club.
You hit Ijyb but do no damage.
Ijyb is heavily wounded.
Ijyb hits you with a +0 club.
* * * LOW HITPOINT WARNING * * *
Unknown command.
You hit Ijyb but do no damage.
Ijyb is heavily wounded.
Ijyb hits you but does no damage.
Unknown command.
Ijyb grins evilly.
Ijyb barely misses you.
You miss Ijyb. You bite Ijyb, but do no damage.
Ijyb is heavily wounded.
Ijyb hits you with a +0 club.
* * * LOW HITPOINT WARNING * * *
Unknown command.
Ijyb hits you with a +0 club.
* * * LOW HITPOINT WARNING * * *
Unknown command.
Okay, then.
You are too confused!
Unknown command.
You are too confused!
You are too confused!
It was a potion of haste.
You feel yourself speed up.
You feel less confused. Ijyb barely misses you.
Unknown command.
Okay, then.
Found a stone staircase leading up.
Ijyb screams, "Me kill you!" Ijyb hits you with a +0 club.
You die...

......#................
.. #..<..#.##.....###
..<#.#...#.##.....#
..#.##.##.##.....######
....#................#
#..#................#
#....................
#.........(......... #
#@................
#..##.g...............
#....................#
##..#..........(.....#
##.#.....[..........# #
#................
..................
##.................
#................


You could see Ijyb.

Vanquished Creatures
  6 endoplasms
  A giant cockroach (D:1)
  A goblin (D:1)
  6 hobgoblins
  3 kobolds
  A quokka (D:2)
  3 ball pythons
  3 bats
  3 frilled lizards
  A rat (D:1)
28 creatures vanquished.

Notes
Turn   | Place    | Note
-------+----------+-------------------------------------------
     0 | D:1      | Stomo444 the Vine Stalker Necromancer began the quest for
                  | the Orb.
     0 | D:1      | Reached XP level 1. HP: 9/9 MP: 4/4
   364 | D:1      | Reached XP level 2. HP: 5/13 MP: 4/6
   729 | D:1      | Reached skill level 1 in Fighting
  1404 | D:2      | Reached XP level 3. HP: 17/18 MP: 5/7
  1464 | D:2      | Learned a level 3 spell: Vampiric Draining
  1704 | D:2      | Found a faded altar of an unknown god.
  1998 | D:3      | Noticed Ijyb
  2026 | D:3      | Slain by Ijyb

Illustrated notes

Levels and vault maps discovered:
D:1:      dpeg_arrival_ternary, layout_rooms, minmay_three_crescents
D:2:      layout_loops_ring, basic_ecumenical_altar, minmay_misc_feat_tiny,
          grunt_ministairs_7, moated_statue
D:3:      layout_basic, serial_shops, nicolae_diamond_shop, saegor_snake_ambush,
          uniq_ijyb

Skill      XL: |  1  2 |
---------------+-------+-----
Fighting       | 1 |  1.6
Dodging        | |  1.9
Stealth        | |  2.4
Spellcasting   | |  2.4
Necromancy     | |  4.1

Action                   || total
-------------------------++-------
Melee: Unarmed           ||    10
       Bite              ||     7
       Club              ||    16
 Cast: Pain              ||    39
  Use: Potion            ||     1
 Stab: Sleeping          ||     3
Armor: Robe              ||     7
Dodge: Dodged            ||    18
